Map: 궤도 조선소

Players

Bomber - Winner!

  • Race: Terran Terran
  • League: Diamond

TYTY (TY)

  • Race: Terran Terran
  • League: Diamond

Event: DreamHack ROCCAT LotV Championship

VOD

Have the link to the VOD?

Description

Time

  • Played on: Nov. 27, 2015, 6:02 a.m.
  • Length: 11:06

All games in this series

Show
View Real Time Build Order
Export as new Build Order

Bomber Terran - Winner!

Build Orders: Bio Tank 

Get SALT Encoding   

  12  0:00  SCV  
  13  0:13  SCV  
  14  0:18  Supply Depot  
  14  0:25  SCV  
  15  0:40  Barracks  
  15  0:44  Refinery  
  15  0:55  Barracks  
  15  0:59  SCV  
  16  1:11  SCV  
  17  1:27  Reaper  
  17  1:28  Orbital Command  
  18  1:38  Supply Depot  
  18  1:45  Reaper  
  19  1:53  SCV  
  20  2:04  Reaper  
  20  2:05  SCV  
  22  2:22  Command Center  
  22  2:23  Reaper  
  22  2:25  SCV  
  24  2:41  Reaper  
  24  2:42  SCV  
  26  2:54  SCV  
  25  3:06  SCV  
  25  3:10  Command Center  
  25  3:11  Reaper  
  27  3:18  SCV  
  28  3:22  Reaper  
  28  3:26  Refinery  
  29  3:27  Barracks  
  29  3:31  SCV  
  30  3:38  Orbital Command  
  30  3:43  SCV  
  31  3:55  SCV  
  32  4:01  Factory  
  32  4:04  SCV  
  32  4:07  SCV  
  34  4:16  SCV  
  35  4:19  SCV  
  36  4:28  SCV  
  36  4:31  SCV  
  36  4:34  Barracks Tech Lab, Orbital Command  
  36  4:36  Engineering Bay  
  37  4:40  SCV  
  37  4:43  SCV  
  39  4:52  SCV  
  40  4:56  SCV  
  41  5:02  Starport  
  41  5:03  Stimpack  
  41  5:04  SCV, Barracks x2  
  41  5:06  SCV  
  43  5:08  SCV  
  44  5:16  SCV  
  44  5:18  SCV  
  44  5:20  SCV  
  46  5:26  Marine  
  46  5:27  Terran Infantry Weapons Level 1, Factory Tech Lab  
  47  5:28  SCV, Orbital Command  
  47  5:32  SCV  
  50  5:38  Refinery  
  50  5:40  Refinery, Starport Reactor  
  50  5:41  SCV  
  50  5:44  SCV, Barracks, Marine  
  50  5:45  Supply Depot  
  50  5:46  Supply Depot  
  50  5:47  Siege Tank  
  55  5:53  Barracks Reactor x2, SCV  
  55  5:54  SCV  
  55  5:56  SCV  
  58  5:57  Barracks  
  58  6:01  Marine  
  57  6:05  SCV  
  57  6:06  SCV  
  57  6:08  SCV  
  60  6:17  SCV  
  60  6:18  SCV  
  60  6:19  Siege Tank, Bunker, Marine  
  60  6:20  SCV  
  66  6:29  Supply Depot x2, Medivac, SCV  
  66  6:30  SCV, Marine x4  
  76  6:32  SCV  
  76  6:35  Barracks Reactor  
  76  6:37  Marine  
  76  6:41  SCV  
  76  6:45  Refinery  
  76  6:46  Refinery  
  77  6:47  Supply Depot  
  77  6:48  Supply Depot  
  77  6:50  SCV x2, Marine x2  
  77  6:53  SCV, Marine x2, Barracks Reactor  
  84  6:55  Marine  
  84  6:56  Siege Tank  
  88  7:02  SCV x2  
  88  7:03  Combat Shields  
  88  7:04  Supply Depot x2  
  88  7:05  SCV, Medivac  
  93  7:08  Marine x2  
  93  7:11  Missile Turret  
  93  7:12  Marine  
  93  7:13  Marine x4  
  93  7:14  SCV  
  101  7:19  Supply Depot  
  101  7:20  Supply Depot, Barracks Reactor  
  101  7:21  Terran Infantry Armor Level 1  
  101  7:24  Medivac  
  101  7:26  SCV, Marine  
  101  7:27  SCV  
  101  7:28  Missile Turret  
  106  7:31  Supply Depot  
  106  7:32  Marine x2  
  106  7:33  Marine x4  
  106  7:37  Siege Tank  
  115  7:39  SCV  
  115  7:40  Marine x2  
  115  7:41  Medivac  
  120  7:46  Marine  
  120  7:50  Marine  
  120  7:51  Supply Depot x2, Marine x2  
  122  7:54  Medivac, Marine  
  122  7:55  Marine  
  122  7:57  Marine x2  
  130  8:04  Marine x2  
  130  8:05  Marine x2  
  134  8:09  Siege Tank, Marine x3  
  134  8:11  Medivac  
  134  8:12  Marine  
  140  8:13  Marine  
  140  8:15  Marine x2  
  143  8:20  Factory  
  143  8:21  Barracks  
  143  8:22  Barracks, Marine x2  
  143  8:23  Marine x2  
  143  8:26  Marine  
  148  8:29  Supply Depot x2  
  148  8:31  Armory  
  148  8:35  Marine x2  
  148  8:36  Sensor Tower  
  148  8:37  Marine x2  
  148  8:39  Medivac  
  148  8:41  Siege Tank  
  157  8:44  Medivac  
  158  8:49  Marine x5  
  158  8:54  Marine x2  
  165  8:57  Marine x2  
  167  9:04  Marine x2  
  167  9:06  Marine  
  167  9:07  Marine x2  
  143  9:10  Marine  
  143  9:11  Marine  
  143  9:13  Siege Tank  
  143  9:15  Medivac x2  
  143  9:16  Marine x3  
  143  9:17  Marine  
  136  9:20  Barracks Reactor, Factory Tech Lab  
  136  9:22  Marine x2  
  136  9:23  Barracks Reactor  
  139  9:28  Marine x4  
  143  9:36  Marine x3  
  143  9:37  Marine  
  147  9:39  Marine  
  147  9:40  Siege Tank  
  147  9:45  Siege Tank, Marine x3  
  153  9:48  Marine x2  
  153  9:52  Marine  
  160  9:54  Medivac, Marine x3  
  160  9:55  Medivac  
  167  10:02  Marine x5  
  167  10:04  Marine x2  
  167  10:06  Marine x3  
  168  10:12  Marine x3  
  167  10:14  Siege Tank  
  167  10:16  Marine  
  167  10:18  Siege Tank  
  167  10:20  Marine  
  178  10:25  Medivac x2  
  178  10:26  Supply Depot  
  179  10:33  Supply Depot x2  
  176  10:38  Marine  
  176  10:39  Marine x4  
  181  10:43  Command Center  
  181  10:47  Marine x2  
Show
View Real Time Build Order
Export as new Build Order

TYTY Terran 

Build Orders: MMM Bio 

Get SALT Encoding   

  12  0:00  SCV  
  13  0:13  SCV  
  14  0:17  Supply Depot  
  14  0:25  SCV  
  15  0:39  SCV  
  15  0:40  Barracks  
  16  0:51  SCV  
  17  1:03  SCV  
  18  1:15  Command Center  
  19  1:27  Marine  
  19  1:29  Orbital Command  
  19  1:39  Barracks  
  19  1:45  Marine  
  20  1:55  Supply Depot  
  20  2:02  Marine  
  20  2:03  Barracks  
  20  2:07  SCV  
  22  2:20  Marine  
  22  2:21  SCV  
  24  2:26  Marine  
  24  2:28  Orbital Command  
  24  2:38  SCV  
  24  2:40  Marine  
  24  2:44  Marine  
  26  2:47  Refinery  
  27  2:52  Marine  
  27  2:57  Marine  
  26  3:02  Marine  
  26  3:05  SCV  
  26  3:10  Marine  
  25  3:15  Marine  
  25  3:18  SCV x2  
  25  3:19  Marine  
  27  3:28  Marine  
  27  3:30  SCV x2  
  27  3:33  Marine  
  30  3:39  Barracks Tech Lab  
  30  3:45  Marine  
  30  3:47  Bunker  
  31  3:48  SCV  
  31  3:49  SCV  
  31  3:51  Marine  
  34  4:00  Marauder  
  34  4:01  SCV  
  34  4:02  SCV  
  38  4:03  Marine  
  38  4:05  Concussive Shells  
  38  4:09  Marine  
  40  4:13  SCV  
  40  4:14  SCV  
  40  4:21  Marine  
  39  4:25  SCV  
  39  4:26  SCV  
  39  4:29  Marine x2  
  41  4:38  Supply Depot  
  41  4:40  Supply Depot  
  41  4:44  SCV x2  
  38  4:48  Marine  
  38  4:49  Marauder, Marine  
  38  4:54  Stimpack  
  38  4:59  SCV x2  
  40  5:01  Command Center  
  40  5:05  Marine  
  40  5:06  Marine  
  42  5:10  Marauder  
  42  5:11  SCV  
  44  5:20  SCV  
  45  5:22  Supply Depot  
  45  5:23  Supply Depot, SCV  
  45  5:24  Marine  
  45  5:28  Marine  
  46  5:44  SCV x2, Marauder  
  46  5:49  Marine x2  
  52  5:50  Engineering Bay  
  52  5:52  Engineering Bay  
  52  5:56  SCV x2  
  54  6:06  Marauder  
  54  6:07  Marine x2  
  54  6:08  SCV x2  
  59  6:18  Orbital Command  
  59  6:20  SCV x2, Factory  
  59  6:23  Refinery  
  59  6:25  Refinery  
  61  6:26  Terran Infantry Weapons Level 1  
  61  6:32  SCV x2, Marine x3  
  62  6:37  Refinery  
  62  6:39  Orbital Command  
  66  6:45  SCV x2  
  68  6:50  Marine x3  
  68  6:52  Missile Turret  
  68  6:53  Terran Infantry Armor Level 1  
  71  6:57  SCV x2  
  73  7:01  Supply Depot  
  73  7:02  Supply Depot  
  73  7:04  SCV  
  73  7:06  Starport  
  75  7:09  SCV  
  75  7:10  Factory Reactor  
  77  7:17  SCV  
  77  7:18  SCV, Supply Depot, Barracks Reactor  
  77  7:19  Barracks Reactor  
  77  7:23  SCV, Marine  
  77  7:24  Supply Depot x2  
  77  7:28  Combat Shields  
  77  7:29  SCV  
  80  7:30  SCV  
  80  7:36  Barracks  
  81  7:37  Barracks  
  81  7:38  Supply Depot  
  81  7:39  SCV  
  81  7:40  Refinery  
  81  7:41  SCV, Marine  
  83  7:53  SCV x2  
  83  7:54  SCV, Marine x2, Medivac x2  
  83  7:55  Factory Tech Lab, Marine x2  
  94  7:58  Marine  
  94  8:06  Supply Depot  
  94  8:07  Supply Depot  
  94  8:08  SCV x3  
  94  8:12  Marine x2  
  97  8:14  Factory  
  97  8:15  Refinery  
  97  8:16  Marine  
  97  8:18  Siege Tank  
  97  8:19  Marine x2  
  104  8:20  Missile Turret  
  104  8:23  Missile Turret  
  104  8:24  Medivac  
  107  8:31  Marine x4  
  107  8:34  Marine, Medivac  
  113  8:37  Marine x2  
  114  8:49  Marine x4  
  114  8:50  Siege Tank  
  114  8:54  Marine  
  114  8:55  Marine x2  
  120  9:07  Marine x4  
  86  9:10  SCV x2  
  86  9:12  SCV, Marine x2  
  86  9:13  Marine  
  87  9:19  Factory Tech Lab  
  86  9:24  Siege Tank  
  86  9:25  Marine x4, Medivac  
  86  9:28  Armory  
  86  9:29  Marine  
  86  9:30  Marine, Medivac  
  86  9:31  Marine  
  97  9:34  SCV  
  97  9:35  SCV  
  100  9:40  Siege Tank  
  100  9:42  Marine x2  
  100  9:43  Marine x2  
  107  9:47  Marine  
  107  9:48  Marine  
  107  9:49  Sensor Tower, Marine  
  107  9:50  SCV  
  107  9:51  SCV  
  112  9:58  Siege Tank  
  114  10:00  Marine x4  
  114  10:04  SCV x2  
  106  10:13  SCV  
  96  10:16  SCV, Marine x3  
  96  10:18  Marine x3  
  102  10:29  SCV  
  102  10:32  SCV x2  
  105  10:44  Marine x5  
  105  10:48  SCV  

Tags
 
Add a new tag
Caveats
  • Supply blocks, unpowered buildings, or Contaminate may cause inaccurate times.
  • Supply counts are checked every 10 seconds.